 Dungeon Crawl Stone Soup version 0.31-a0-851-g7ff8af7976 (webtiles) character file.

Game seed: 16911380178133230838

237 AiryTheDragon the Chiller (level 5, -3/37 HPs)
             Began as a Demonspawn Ice Elementalist on Oct 6, 2023.
             Was an Initiate of Nemelex Xobeh.
             Slain by a black bear (6 damage)
             ... on level 5 of the Dungeon.
             The game lasted 00:40:31 (4243 turns).

AiryTheDragon the Chiller (DsIE)                    Turns: 4243, Time: 00:40:31

Health: -3/37      AC:  8    Str: 11    XL:     5   Next: 77%
Magic:  4/9        EV: 10    Int: 16    God:    Nemelex Xobeh [......]
Gold:   45         SH:  0    Dex: 15    Spells: 2/9 levels left

rFire   . . .        x - +0 spear
rCold   . . .        (no shield)
rNeg    . . .        s - +0 ring mail
rPois   .            (helmet restricted)
rElec   .            (no cloak)
rCorr   .            (no gloves)
SInv    .            (no boots)
Will    .....        (no amulet)
Stlth   ++           (no ring)
HPRegen 0.26/turn    (no ring)
MPRegen 0.22/turn

%: no passive effects
@: ice-armoured
A: horns 1, thin skeletal structure 1, magic regeneration
a: Renounce Religion, Draw Escape, Draw Destruction, Draw Summoning


You were on level 5 of the Dungeon.
You worshipped Nemelex Xobeh.
Nemelex Xobeh was noncommittal.
You visited 2 branches of the dungeon, and saw 6 of its levels.

You collected 261 gold pieces.
You spent 216 gold pieces at shops.

Inventory:

Hand Weapons
 h - a +0 sling
 x - a +0 spear (weapon)
Missiles
 e - 4 poisoned darts
 k - a curare-tipped dart
 y - 7 boomerangs (quivered)
 C - 3 atropa-tipped darts
Armour
 a - a +0 robe
 p - a +0 leather armour
 s - a +0 ring mail (worn)
 D - a +0 tower shield
Talismans
 m - a maw talisman
Wands
 A - a wand of polymorph (4)
 B - a wand of charming (13)
Scrolls
 c - 3 scrolls of poison {unknown}
 d - 2 scrolls of blinking {unknown}
 g - a scroll of immolation {unknown}
 i - a scroll of noise {unknown}
 j - 3 scrolls of identify {unknown}
 E - a scroll of revelation {unknown}
Potions
 b - 2 potions of lignification {unknown}
 f - a potion of cancellation {unknown}
 l - 2 potions of curing {unknown}
 n - a potion of ambrosia
 o - a potion of resistance {unknown}
 q - 2 potions of haste {unknown}
 r - a potion of mutation {unknown}
 t - 2 potions of attraction {unknown}
 u - a potion of magic
 v - a potion of invisibility {unknown}
 w - 5 potions of degeneration {unknown}
 z - a potion of heal wounds {unknown}


   Skills:
 + Level 1.6 Fighting
 + Level 0.6 Polearms
 + Level 1.2 Ranged Weapons
 + Level 0.8 Throwing
 + Level 1.0 Armour
 + Level 2.1 Dodging
 + Level 2.1 Stealth
 + Level 1.0 Unarmed Combat
 + Level 2.7 Spellcasting
 + Level 4.3 Ice Magic
 * Level 0.6 Evocations
 * Level 1.0 Shapeshifting


You had 2 spell levels left.
You knew the following spells:

 Your Spells              Type           Power      Damage    Failure   Level
a - Freeze                Ice            64%        1d7       8%          1
b - Frozen Ramparts       Ice            32%        1d5       22%         3
c - Ozocubu's Armour      Ice            16%        N/A       22%         3

Your spell library contained the following spells:

 Spells                   Type           Power      Damage    Failure   Level
 Necrotise                Necr           8%         1d4       41%         1
 Vampiric Draining        Necr           2%         2d6       80%         3
 Summon Ice Beast         Ice/Summ       9%         N/A       88%         4
 Agony                    Necr           2%         N/A       100%        5


Dungeon Overview and Level Annotations

Branches:
Dungeon (5/15)             Temple (1/1) D:5

Altars:
Dithmenos
Fedhas
Gozag
Kikubaaqudgha
Makhleb
Nemelex Xobeh
Okawaru
Qazlal
Ru
Sif Muna
Trog
Uskayaw
Vehumet
Xom
Yredelemnul

Shops:
D:3 ?   D:4 [

Annotations:
D:5 Eustachio


Innate Abilities, Weirdness & Mutations

You have a pair of small horns on your head.
You have a somewhat thin skeletal structure. (Dex +2, Stealth+)
You regenerate magic rapidly.


Message History

The wall freezes the scorpion but does no damage.
The scorpion barely misses you.
An iguana comes into view.
The iguana hisses angrily.
You hit the scorpion.
You headbutt the scorpion, but do no damage.
Your punch misses the scorpion.
The scorpion is moderately wounded.
The wall freezes the scorpion.
The scorpion closely misses you.
The wall freezes the black bear.
You hit the black bear. Your punch misses the black bear.
The black bear is almost dead.
The wall freezes the scorpion.
The scorpion closely misses you.
The black bear shakes off its lethargy.
The black bear goes berserk!
The wall freezes the scorpion.
The scorpion stings you but does no damage.
You hit the black bear but do no damage.
The black bear is almost dead.
The black bear completely misses you.
The black bear claws you but does no damage.
The black bear claws you.
The wall freezes the scorpion but does no damage.
The scorpion closely misses you.
You closely miss the black bear.
The black bear is almost dead.
The black bear bites you! The black bear claws you.
The black bear claws you but does no damage.
The wall freezes the scorpion.
The scorpion stings you. The black bear bites you.
The black bear completely misses you. The black bear claws you.
The wall freezes the dart slug.
You closely miss the black bear.
The black bear is almost dead.
The frozen ramparts melt away.
The black bear bites you.
* * * LOW HITPOINT WARNING * * *
The black bear claws you but does no damage.
The black bear barely misses you. The scorpion stings you.
* * * LOW HITPOINT WARNING * * *
The black bear bites you.
You die...
Your body disappears without a glow.

#..........@/.# #..........<..#
####................ .
..............##...
..#####.........##.. ..
......(.........#### .
................####
.....lh............# ..
((...ws@##########.#### .. ....
......###### ###....##
#.##....#.#..##.)...## #.......#
#.#...##..##.........## #.8.8.8.#
#.........# #.........###..⌠.⌠..#
#.........###.........##..8.>.8..
......................#....⌠.⌠...
..........# #....<........8.8.8.#
..........# #.........##........#


You could see a black bear (berserk, poisoned), a scorpion, an iguana and a dart
slug.

Vanquished Creatures
  A scorpion (D:5)
  A hound (D:3)
  3 adders
  2 gnolls
  A worm (D:3)
  3 dart slugs
  10 orcs
  3 ball pythons
  2 bats
  2 endoplasms
  4 giant cockroaches
  6 goblins
  5 hobgoblins
  11 jackals
  8 kobolds
  4 quokkas
  5 frilled lizards
  9 rats
80 creatures vanquished.

Notes
Turn   | Place    | Note
-------+----------+-------------------------------------------
     0 | D:1      | AiryTheDragon the Demonspawn Ice Elementalist began the
                  | quest for the Orb.
     0 | D:1      | Reached XP level 1. HP: 13/13 MP: 3/3
    93 | D:1      | Gained mutation: You have a somewhat thin skeletal
                  | structure. (Dex +2, Stealth+) [demonic ancestry]
    93 | D:1      | Reached XP level 2. HP: 8/20 MP: 0/5
   248 | D:1      | Reached skill level 4 in Ice Magic
   505 | D:1      | Reached XP level 3. HP: 25/25 MP: 4/6
   531 | D:1      | Learned a level 3 spell: Frozen Ramparts
  1401 | D:2      | Found an opulent altar of Gozag.
  1498 | D:2      | Reached skill level 1 in Ranged Weapons
  1568 | D:2      | Gained mutation: You regenerate magic rapidly. [demonic
                  | ancestry]
  1568 | D:2      | Reached XP level 4. HP: 20/31 MP: 7/7
  2328 | D:3      | Found Qompaneg's Assorted Antiques.
  2331 | D:3      | Bought a fizzy golden potion for 17 gold pieces
  2331 | D:3      | Bought 3 fuming brown potions for 51 gold pieces
  2331 | D:3      | Bought a scroll labelled LICROH JEAMMEU for 19 gold pieces
  2331 | D:3      | Bought a ruby potion for 17 gold pieces
  2331 | D:3      | Bought a bubbling brown potion for 17 gold pieces
  2331 | D:3      | Bought a scroll labelled TIURU MEKEE for 19 gold pieces
  2409 | D:3      | Found Ynwiacw's Magic Scroll Shoppe.
  2438 | D:3      | Reached skill level 1 in Fighting
  2438 | D:3      | Reached skill level 1 in Unarmed Combat
  2447 | D:3      | Learned a level 3 spell: Ozocubu's Armour
  2515 | D:3      | Identified the +12 hand axe of Bloody Death {holy, Will+}
  2726 | D:3      | Gained mutation: You have a pair of small horns on your
                  | head. [demonic ancestry]
  2726 | D:3      | Reached XP level 5. HP: 36/37 MP: 1/8
  3274 | D:4      | Noticed a steam dragon
  3473 | D:3      | Bought a long iron wand for 76 gold pieces
  3634 | D:5      | Entered Level 5 of the Dungeon
  3634 | D:5      | Noticed Eustachio
  3819 | D:5      | Noticed a black bear
  3835 | D:4      | Found George's Dragon-Slaying Spoils.
  3891 | D:4      | Noticed an ogre
  4001 | D:5      | Reached skill level 1 in Armour
  4001 | D:5      | Reached skill level 1 in Shapeshifting
  4061 | D:5      | Found a staircase to the Ecumenical Temple.
  4075 | Temple   | Entered the Ecumenical Temple
  4153 | Temple   | Became a worshipper of Nemelex Xobeh the Trickster
  4243 | D:5      | Slain by a black bear

Illustrated notes

Levels and vault maps discovered:
D:1:      zaba_arrival_water, layout_loops_corners, serial_rivers,
          chequers_serial_rivers_large_a, chequers_serial_rivers_room_b,
          chequers_serial_rivers_room_a, chequers_serial_rivers_small_b,
          chequers_serial_rivers_micro_e, minmay_rat_gold_closets
D:2:      layout_basic, basic_altar
D:3:      layout_loops_ring, serial_shops, nicolae_shop_tiny_real_fake_doors,
          nicolae_shop_back_alley_shop, kennysheep_boxes
D:4:      lemuel_castle_with_subvaults [lemuel_castle_interior_carwin_2],
          layout_cave_pools, nicolae_shop_dragon_depot, uniq_natasha
D:5:      layout_rooms, minmay_temple_entry_statues_fountains, minmay_bent,
          uniq_eustachio, uniq_crazy_yiuf_cottage
Temple:   minmay_crystal_spiral_temple

Skill      XL: |  1  2  3  4  5 |
---------------+----------------+-----
Ice Magic      | 4 |  4.3
Dodging        | 2 |  2.1
Ranged Weapons | 1 |  1.2
Fighting       | 1 |  1.6
Stealth        | 2 |  2.1
Unarmed Combat | 1 |  1.0
Armour         | 1 |  1.0
Shapeshifting  | 1 |  1.0
Polearms       | |  0.6
Throwing       | |  0.8
Spellcasting   | |  2.7
Evocations     | |  0.6

Action                     |  1- 3 |  4- 6 || total
---------------------------+-------+-------++-------
  Melee: Unarmed           |    84 |    47 ||   131
         Punch             |     4 |     2 ||     6
         Spear             |       |    75 ||    75
         Headbutt          |       |     7 ||     7
   Fire: Sling             |    35 |     2 ||    37
  Throw: Dart              |     7 |    21 ||    28
         Boomerang         |       |    11 ||    11
   Cast: Freeze            |    30 |    14 ||    44
         Frozen Ramparts   |       |     6 ||     6
         Ozocubu's Armour  |       |     5 ||     5
    Use: Potion            |     2 |       ||     2
   Stab: Sleeping          |     7 |     6 ||    13
         Distracted        |       |     1 ||     1
 Armour: Robe              |    71 |     1 ||    72
         Ring mail         |       |    91 ||    91
         Leather armour    |       |     1 ||     1
  Dodge: Dodged            |    73 |    75 ||   148
         Form:             |       |     1 ||     1
         Maw               |       |     1 ||     1

Table legend: (Time is in decaauts)
 A = Elapsed time spent in this place.
 B = Non-inter-level travel time spent in this place.
 C = Inter-level travel time spent in this place.
 D = Time resting spent in this place.
 E = Time spent auto-exploring this place.
 F = Levels seen in this place.
 G = Mean time per level.
                   A        B        C        D        E       F      G
               +--------+--------+--------+--------+--------+-----+--------+
         Total |   4283 |   3940 |    343 |    115 |   2874 |   6 |  713.8 |
       Dungeon |   4145 |   3937 |    208 |    115 |   2874 |   5 |  829.0 |
        Temple |    137 |      2 |    135 |      0 |      0 |   1 |  137.0 |
               +--------+--------+--------+--------+--------+-----+--------+

Top non-repeatable levels by time:
     D:1: 1367 daAuts
     D:3: 1189 daAuts
     D:2: 889 daAuts
     D:4: 549 daAuts
     D:5: 149 daAuts
  Temple: 137 daAuts
